 Dungeon Crawl Stone Soup version 0.19.0-19-g8c6edcc (webtiles) character file.

1567 Charly the Cleaver (level 8, -3/72 HPs)
             Began as a Deep Dwarf Monk on Nov 14, 2016.
             Was a Believer of Makhleb.
             Slain by Maurice the ice beast (4 damage)
             ... while paralysed by Joseph
             ... on level 8 of the Dungeon.
             The game lasted 00:24:45 (1383 turns).

Charly the Cleaver (Deep Dwarf Monk)                Turns: 1383, Time: 00:24:45

Health: -3/72      AC:  8    Str: 16    XL:     8   Next: 59%
Magic:  7/7        EV:  2    Int: 11    God:    Makhleb [**....]
Gold:   76         SH:  0    Dex: 16    Spells: 0 memorised, 7 levels left

rFire  . . .     SeeInvis .     s - +0 battleaxe
rCold  . . .     Gourm    .     h - +0 scale mail
rNeg   . . .     Faith    .     (shield currently unavailable)
rPois  .         Spirit   .     i - +0 helmet
rElec  .         Reflect  .     k - +0 cloak
rCorr  .         Harm     .     (no gloves)
MR     +....                    (no boots)
Stlth  +.........               (no amulet)
                                (no ring)
                                (no ring)

@: paralysed, non-regenerating
A: damage resistance, recharge devices, sense surroundings 1, slow regeneration
3
a: Device Recharging, Minor Destruction, Renounce Religion


You were on level 8 of the Dungeon.
You worshipped Makhleb.
Makhleb was pleased with you.
You were not hungry.

You visited 2 branches of the dungeon, and saw 9 of its levels.
You also visited: Ossuary.

You collected 196 gold pieces.
You spent 120 gold pieces at shops.

Inventory:

Hand Weapons
 s - a +0 battleaxe (weapon)
Missiles
 a - 4 throwing nets (quivered)
Armour
 h - a +0 scale mail (worn)
 i - a +0 helmet (worn)
 k - a +0 cloak (worn)
Wands
 c - a wand of heal wounds (4/9)
 q - a wand of polymorph (0/24)
Scrolls
 e - a scroll of recharging
 f - a scroll of teleportation
 g - a scroll of holy word {unknown}
 l - a scroll of enchant armour {unknown}
 t - a scroll of fear {unknown}
Potions
 b - a potion of brilliance
 j - a potion of mutation
 m - a potion of flight
 o - 7 potions of curing
 p - 2 potions of might
 r - a potion of agility
 u - 3 potions of lignification
 v - a potion of haste {unknown}
Books
 n - a book of Necromancy

   Spells                             Type                      Level
   a - Pain                           Necromancy                   1
   b - Animate Skeleton               Necromancy                   1
   c - Vampiric Draining              Necromancy                   3
   d - Regeneration                   Charms/Necromancy            3
   e - Animate Dead                   Necromancy                   4
   f - Control Undead                 Necromancy                   4
Comestibles
 d - 2 bread rations


   Skills:
 + Level 4.2 Fighting
 * Level 11.4 Axes
 - Level 3.2 Dodging
 - Level 2.4 Stealth


You had 7 spell levels left.
You didn't know any spells.

Dungeon Overview and Level Annotations

Branches:
Dungeon (8/15)             Temple (1/1) D:5
   Lair: D:8-11

Altars:
Makhleb
Sif Muna
The Shining One

Shops:
D:5 !

Annotations:
D:3 Mlkhall's ghost, amateur DECj
D:5 jazmu's ghost, novice OpIE
D:8 Joseph; Maurice


Innate Abilities, Weirdness & Mutations

You are resistant to damage.
You can recharge devices by infusing magical energy.
You passively map a small area around you.
You do not regenerate.


Message History

* * * LOW HITPOINT WARNING * * *
Joseph zaps a wand.
You resist with almost no effort. Maurice hits you but does no damage.
The wyvern bites you but does no damage.
Joseph unwields an uncursed hunting sling.
Joseph wields an uncursed quarterstaff.
Joseph hits you with an uncursed quarterstaff!
* * * LOW HITPOINT WARNING * * *
Maurice hits you but does no damage. The wyvern bites you!
* * * LOW HITPOINT WARNING * * *
The wyvern barely misses you. Maurice barely misses you.
Joseph hits you with an uncursed quarterstaff.
The wyvern bites you but does no damage.
Maurice hits you but does no damage. The wyvern bites you!
* * * LOW HITPOINT WARNING * * *
Joseph zaps a wand.
You shrug off the repeated paralysis!
The wyvern barely misses you. Maurice hits you.
* * * LOW HITPOINT WARNING * * *
Maurice freezes you.
You die...

* * * * **
######### *
........##
......@.<# * ,
* ######@Y##*
, ,, #l..# *
#.........#
........$..##
.....####....#
* * ...##
...... #. *
*...... * #
....## * * *,
,,...#


You could see Joseph, a wyvern and Maurice the ice beast.

Vanquished Creatures
  Pikel (D:5)
  Prince Ribbit (D:5)
  Sigmund (D:2)
  A phantom (D:5)
  An ice beast (D:6)
  2 scorpions (D:4)
  A howler monkey (D:4)
  A bullfrog zombie (D:7)
  2 hounds
  2 orc wizards
  A bullfrog skeleton (D:5)
  A centaur skeleton (D:6)
  Ijyb (D:3)
  5 worker ants
  6 mummies (Ossuary)
  4 adders
  2 oozes (D:3)
  An adder zombie (D:6)
  10 orcs
  2 goblins
  A hobgoblin (D:4)
  3 jackals (D:4)
  A kobold (D:2)
  A bat (D:2)
  A goblin zombie (D:5)
  A hobgoblin zombie (Ossuary)
  4 rats
  A rat zombie (D:5)
59 creatures vanquished.

Notes
Turn   | Place    | Note
-------+----------+-------------------------------------------
     0 | D:1      | Charly the Deep Dwarf Monk began the quest for the Orb.
     0 | D:1      | Reached XP level 1. HP: 20/20 MP: 1/1
   134 | D:2      | Noticed Sigmund
   178 | D:2      | Killed Sigmund
   178 | D:2      | Reached skill level 6 in Axes
   178 | D:2      | Reached XP level 2. HP: 18/27 MP: 2/2
   178 | D:2      | Reached XP level 3. HP: 23/33 MP: 3/3
   178 | D:2      | Reached XP level 4. HP: 28/40 MP: 4/4
   178 | D:2      | Reached XP level 5. HP: 32/46 MP: 5/5
   207 | D:3      | Noticed Ijyb
   237 | D:3      | Killed Ijyb
   253 | D:3      | Noticed Mlkhall's ghost (amateur DECj)
   264 | D:3      | Reached skill level 7 in Axes
   389 | D:4      | Reached XP level 6. HP: 17/56 MP: 6/6
   479 | D:5      | Entered Level 5 of the Dungeon
   479 | D:5      | Noticed a slave
   479 | D:5      | Noticed jazmu's ghost (novice OpIE)
   482 | D:5      | Noticed Pikel
   487 | D:4      | Found a deep blue altar of Sif Muna.
   547 | D:4      | Reached skill level 8 in Axes
   620 | D:6      | Noticed an ice beast
   648 | D:6      | Killed an ice beast
   648 | D:6      | Reached XP level 7. HP: 17/63 MP: 6/6
   822 | D:8      | Noticed Maurice
  1002 | D:5      | Found a sand-covered staircase.
  1008 | D:5      | Found a staircase to the Ecumenical Temple.
  1033 | D:5      | Killed Pikel
  1033 | D:5      | Reached skill level 10 in Axes
  1033 | D:5      | Reached XP level 8. HP: 23/72 MP: 7/7
  1038 | Temple   | Entered the Ecumenical Temple
  1045 | Temple   | Became a worshipper of Makhleb the Destroyer
  1045 | Temple   | Reached * piety under Makhleb
  1045 | Temple   | Reached ** piety under Makhleb
  1070 | Ossuary  | Entered an ossuary
  1220 | D:5      | Noticed Prince Ribbit
  1232 | D:5      | Found Xeg Bemi's Distillery.
  1234 | D:5      | Killed Prince Ribbit
  1234 | D:5      | Reached skill level 11 in Axes
  1238 | D:5      | Bought a potion of lignification for 36 gold pieces
  1238 | D:5      | Bought a potion of lignification for 36 gold pieces
  1238 | D:5      | Bought a potion of might for 48 gold pieces
  1371 | D:8      | Noticed Maurice
  1371 | D:8      | Maurice changed into Maurice the ice beast
  1372 | D:8      | Noticed Joseph
  1378 | D:8      | Paralysed by Joseph for 6 turns
  1382 | D:8      | HP: 2/72 [wyvern (7)]
  1383 | D:8      | Slain by Maurice the ice beast

Skill      XL: |  1  2  3  4  5  6  7  8 |
---------------+-------------------------+-----
Axes           | 6 7 8 10 11 | 11.4
Fighting       | 3 4 |  4.2
Dodging        | |  3.2
Stealth        | |  2.4

Action                   |  1- 3 |  4- 6 |  7- 9 || total
-------------------------+-------+-------+-------++-------
Melee: Hand axe          |    37 |   184 |    35 ||   256
       Battleaxe         |       |       |    95 ||    95
 Abil: Device Recharging |       |     1 |       ||     1
Evoke: Wand              |     3 |     6 |     7 ||    16
  Use: Scroll            |       |       |     9 ||     9
  Eat: Meat ration       |       |       |     1 ||     1
Armor: Robe              |     6 |       |       ||     6
       Scale mail        |     4 |    96 |    53 ||   153
Dodge: Dodged            |    54 |   121 |    67 ||   242
